 Dungeon Crawl Stone Soup version 0.30-a0-738-g116ff8c4af (webtiles) character file.

Game seed: 8939778192351448497

83 mopl the Magician (level 4, -5/27 HPs)
             Began as an Octopode Hedge Wizard on Feb 3, 2023.
             Slain by an iguana (13 damage)
             ... on level 3 of the Dungeon.
             The game lasted 00:02:37 (1993 turns).

mopl the Magician (Octopode Hedge Wizard)           Turns: 1993, Time: 00:02:38

Health: -5/27      AC:  1    Str:  9    XL:     4   Next: 44%
Magic:  9/9        EV: 11    Int: 18    God:
Gold:   46         SH:  7    Dex: 11    Spells: 7/10 levels left

rFire   . . .      SeeInvis .    a - +0 dagger
rCold   . . .      Faith    .    e - +0 kite shield
rNeg    . . .      Spirit   .    b - +0 hat
rPois   .          Reflect  .    (no amulet)
rElec   .          Harm     .    i - ring of willpower
rCorr   .          Rampage  .    (no ring)
Will    +....                    (no ring)
Stlth   +++                      (no ring)
HPRegen 0.24/turn                (no ring)
MPRegen 0.11/turn                (no ring)
                                 (no ring)
                                 (no ring)

@: no status effects
A: almost no armour, amphibious, 8 rings, camouflage 1, gelatinous body 1,
(nimble swimmer 1), tentacles
a: no special abilities


You were on level 3 of the Dungeon.
You visited 1 branch of the dungeon, and saw 3 of its levels.

You collected 105 gold pieces.
You spent 59 gold pieces at shops.

Inventory:

Hand Weapons
 a - a +0 dagger (weapon)
Missiles
 o - 6 boomerangs
Armour
 b - a +0 hat (worn)
 e - a +0 kite shield (worn)
Jewellery
 i - a ring of willpower (left tentacle)
Wands
 f - a wand of digging (7)
Scrolls
 d - a scroll of enchant weapon {unknown}
 g - 2 scrolls of identify {unknown}
 h - a scroll of noise {unknown}
 n - 3 scrolls of summoning {unknown}
Potions
 c - a potion of magic
 j - a potion of lignification {unknown}
 k - a potion of might {unknown}
 l - a potion of brilliance {unknown}
 m - a potion of curing


   Skills:
 - Level 2.0 Dodging
 - Level 2.6 Stealth
 + Level 1.3 Shields
 + Level 3.6 Spellcasting
 + Level 2.1 Conjurations
 - Level 1.0 Summonings
 + Level 2.2 Translocations


You had 7 spell levels left.
You knew the following spells:

 Your Spells              Type           Power      Damage    Failure   Level
a - Magic Dart            Conj           44%        1d5       22%         1
e - Blink                 Tloc           22%        N/A       32%         2

Your spell library contained the following spells:

 Spells                   Type           Power      Damage    Failure   Level
 Slow                     Hex            12%        N/A       47%         1
 Call Imp                 Summ           6%         N/A       47%         2
 Cigotuvi's Dreadful Rot  Necr/Pois/Air  6%         N/A       63%         2
 Mephitic Cloud           Conj/Pois/Air  5%         N/A       75%         3
 Animate Dead             Necr           3%         N/A       99%         4
 Olgreb's Toxic Radiance  Pois           3%         N/A       99%         4
 Haunt                    Necr/Summ      2%         N/A       100%        7
 Ozocubu's Refrigeration  Ice            1%         4d7       100%        7
 Ignition                 Fire           1%         3d3       100%        8
 Infestation              Necr           1%         N/A       100%        8


Dungeon Overview and Level Annotations

Branches:
Dungeon (3/15)

Altars:

Shops:
D:2 ![*[?


Innate Abilities, Weirdness & Mutations

You cannot wear most types of armour.
You are amphibious.
You can wear up to eight rings at the same time.
Your skin changes colour to match your surroundings (Stealth+).
Your rubbery body absorbs attacks. (AC +1, EV +1)
((You are camouflaged when in or above water. (Stealth+)))
You have tentacles for arms and can constrict up to eight enemies at once.


Message History

The helpless endoplasm fails to defend itself.
You puncture the endoplasm!
You kill the endoplasm!
No target in view!
No target in view!
You now have enough gold to buy a potion of attraction on D:2, buy a potion of curing on D:2, buy a potion of flight on D:2, buy a potion of lignification on D:2, or buy a scroll of teleportation on D:2.
You can access your shopping list by pressing '$'.
You now have 46 gold pieces (gained 9).
o - 6 boomerangs
m - 2 cyan potions (gained 1)
You open the door.
There is an open door here.
A bat and a ball python come into view.
The ball python hisses angrily.
A quokka comes into view.
The bat moves out of view.
An adder comes into view.
An iguana comes into view.
The ball python bites you. The ball python grabs you.
The ball python constricts you.
You hit the ball python.
You kill the ball python!
You block the bat's attack.
You barely miss the bat. Your grab misses the bat. The bat misses you.
The bat hits you. You block the quokka's attack.
You hit the bat.
You kill the bat!
You block the quokka's attack.
You closely miss the quokka. Your grab misses the quokka.
You squeeze the quokka, but do no damage.
You block the quokka's attack. The quokka closely misses you.
The quokka attacks as you move away! You block the quokka's attack.
You block the quokka's attack.
There is an open door here.
The iguana attacks as you move away! You block the iguana's attack.
You hit the iguana but do no damage. Your grab misses the iguana.
The iguana bites you! The iguana closely misses you.
You closely miss the iguana. Your grab misses the iguana. The iguana bites you!
* * * LOW HITPOINT WARNING * * *
It was a potion of curing.
You feel better. The iguana bites you!
You die...

#. #######+####### #S.. ##.
#.............# .#.#.#.#.#
#.............# ..........
#........§§§..# #.#.#.#.#
#...§#####≈...#
........###...# ##...#
#.#.#.#.##.#...# #...####
..........rl@..# #...'...
.#.#.#.#.#..#...# #...###.
............#...## ##...###.
.#.#.#.#.####...§#####≈...#...
....... #.............###.
#.#.#.#..#.............###.
#.#..######.............#...
#...# #.#######+########## #
## #...# #......#


You could see an iguana and a quokka.

Vanquished Creatures
  3 adders
  5 dart slugs
  An orc (D:3)
  2 endoplasms
  5 goblins
  4 hobgoblins
  4 jackals (D:1)
  6 kobolds
  2 quokkas
  3 ball pythons
  2 bats
  2 frilled lizards
  5 rats
44 creatures vanquished.

Notes
Turn   | Place    | Note
-------+----------+-------------------------------------------
     0 | D:1      | mopl the Octopode Hedge Wizard began the quest for the Orb.
     0 | D:1      | Reached XP level 1. HP: 11/11 MP: 4/4
    52 | D:1      | Reached XP level 2. HP: 9/17 MP: 6/6
   128 | D:1      | Learned a level 2 spell: Blink
   322 | D:1      | Reached XP level 3. HP: 20/21 MP: 7/7
   909 | D:2      | Found Saankoky's Antique Armour Shoppe.
  1023 | D:2      | Found a faded altar of an unknown god.
  1062 | D:2      | Found Rixu's Magic Scroll Emporium.
  1180 | D:2      | Found Dibleow's Antique Armour Shoppe.
  1199 | D:2      | Reached skill level 2 in Translocations
  1269 | D:2      | Found Soirexod's Assorted Antiques.
  1319 | D:2      | Found Jaigeb's Distillery.
  1399 | D:2      | Reached skill level 1 in Shields
  1405 | D:2      | Reached skill level 2 in Conjurations
  1451 | D:2      | Reached XP level 4. HP: 21/27 MP: 7/9
  1640 | D:2      | Bought a potion of degeneration for 13 gold pieces
  1667 | D:2      | Bought a fizzy black potion for 23 gold pieces
  1667 | D:2      | Bought a fuming puce potion for 23 gold pieces
  1993 | D:3      | Slain by an iguana

Illustrated notes

Levels and vault maps discovered:
D:1:      psy_arrival_conway, layout_basic
D:2:      layout_loops_ring, ebering_ecumenical_altar_sacrificial, serial_shops,
          nicolae_shop_statue_plus, nicolae_shop_hallway_plus,
          nicolae_diamond_shop, shop, nicolae_shop_hallway_plus
D:3:      layout_loops_cross, riverfiend_overflow_shadow_ancestor,
          grunt_temple_overflow_open, kennysheep_path_1, st_stairs_10

Skill      XL: |  1  2  3 |
---------------+----------+-----
Translocations | 2 |  2.2
Shields        | 1 |  1.3
Conjurations   | 2 |  2.1
Dodging        | |  2.0
Stealth        | |  2.6
Spellcasting   | |  3.6
Summonings     | |  1.0

Action                     |  1- 3 |  4- 6 || total
---------------------------+-------+-------++-------
  Melee: Dagger            |    88 |    16 ||   104
         Tentacles         |    18 |     5 ||    23
         Constrict         |    25 |     2 ||    27
         Punch             |       |     1 ||     1
    Use: Potion            |       |     1 ||     1
   Stab: Sleeping          |     6 |     3 ||     9
 Armour: Skin              |     4 |       ||     4
  Dodge: Dodged            |    31 |     7 ||    38
  Block: Kite shield       |    21 |     8 ||    29

Table legend: (Time is in decaauts)
 A = Elapsed time spent in this place.
 B = Non-inter-level travel time spent in this place.
 C = Inter-level travel time spent in this place.
 D = Time resting spent in this place.
 E = Time spent auto-exploring this place.
 F = Levels seen in this place.
 G = Mean time per level.
                   A        B        C        D        E       F      G
               +--------+--------+--------+--------+--------+-----+--------+
         Total |   2006 |   1900 |    106 |    167 |   1401 |   3 |  668.7 |
       Dungeon |   2006 |   1900 |    106 |    167 |   1401 |   3 |  668.7 |
               +--------+--------+--------+--------+--------+-----+--------+

Top non-repeatable levels by time:
     D:2: 893 daAuts
     D:1: 813 daAuts
     D:3: 300 daAuts
